 Dungeon Crawl Stone Soup version 0.26-a0-835-g8259106e14 (webtiles) character file.

Game seed: 14906650788365962893

5544 Notrik the Fighter (level 11, -2/93 HPs)
             Began as a Formicid Fighter on Nov 16, 2020.
             Was a Priest of Okawaru.
             Splashed by an oklob plant's acid (12 damage)
             ... on level 10 of the Dungeon on Nov 17, 2020.
             The game lasted 00:17:37 (10789 turns).

Notrik the Fighter (Formicid Fighter)              Turns: 10789, Time: 00:17:37

Health: -2/93      AC:  7    Str: 26    XL:     11   Next: 2%
Magic:  20/20      EV:  8    Int: 10    God:    Okawaru [***...]
Gold:   370        SH: 22    Dex: 10    Spells: 10/10 levels left

rFire    . . .     SeeInvis +   G - +8 long sword of Insomnia {protect, rN+ Str+2 Int+2}
rCold    . . .     Faith    .   w - +0 tower shield
rNeg     + + .     Spirit   .   J - +1 scale mail "Loyggot" {rPois rN+}
rPois    +         Reflect  +   (helmet unavailable)
rElec    .         Harm     .   c - +0 cloak
rCorr    .         Rampage  .   (no gloves)
MR       +....                  k - +0 pair of boots
Stlth    ..........             H - amulet of reflection
HPRegen  0.25/turn              E - ring of poison resistance
MPRegen  0.17/turn              v - ring of magical power

@: corroded, protection aura
A: permanent stasis, dig shafts and tunnels, four strong arms, antennae 3
a: Dig, Shaft Self, Heroism, Renounce Religion


You were on level 10 of the Dungeon.
You worshipped Okawaru.
Okawaru was most pleased with you.
You visited 2 branches of the dungeon, and saw 11 of its levels.

You collected 638 gold pieces.
You spent 268 gold pieces at shops.

Inventory:

Hand Weapons
 A - a +5 war axe of flaming
   (You took it off an orc on level 4 of the Dungeon)
 G - the +8 long sword of Insomnia (weapon) {protect, rN+ Str+2 Int+2}
   (You found it on level 9 of the Dungeon)

   It grants its wielder temporary protection when it strikes (+7 to AC).
   It affects your strength (+2).
   It affects your intelligence (+2).
   It protects you from negative energy.
Missiles
 M - a throwing net (quivered) {!f}
Armour
 c - a +0 cloak (worn)
   (You took it off Crazy Yiuf on level 2 of the Dungeon)
 k - a +0 pair of boots (worn)
   (You found it on level 1 of the Dungeon)
 w - a +0 tower shield (worn)
   (You found it on level 4 of the Dungeon)
 y - a +0 plate armour
   (You found it on level 4 of the Dungeon)
 J - the +1 scale mail "Loyggot" (worn) {rPois rN+}
   (You found it on level 8 of the Dungeon)

   It protects you from poison.
   It protects you from negative energy.
 O - the +1 ring mail of the Eight of Swords {rCorr}
   (You took it off a wight on level 10 of the Dungeon)

   It provides partial protection from all sources of acid and corrosion.
Jewellery
 v - a ring of magical power (right hand)
   (You found it on level 6 of the Dungeon)
 D - an uncursed ring of teleportation
   (You found it on level 5 of the Dungeon)
 E - a ring of poison resistance (left hand)
   (You found it on level 6 of the Dungeon)
 H - an amulet of reflection (around neck)
   (You found it on level 9 of the Dungeon)
 N - an uncursed ring of protection from magic {unknown}
   (You found it on level 6 of the Dungeon)
Wands
 d - a wand of iceblast (33)
   (You found it on level 5 of the Dungeon)
 t - a wand of flame (5)
   (You took it off Ijyb on level 3 of the Dungeon)
 x - a wand of acid (9)
   (You found it on level 8 of the Dungeon)
Scrolls
 a - 3 scrolls of noise {unknown}
 b - 3 scrolls of magic mapping
 h - 6 scrolls of remove curse {@r2}
 i - 7 scrolls of teleportation {unknown}
 j - 2 scrolls of fear {unknown}
 m - 3 scrolls of enchant armour
 q - 3 scrolls of immolation {!r}
 u - 4 scrolls of amnesia {unknown}
 z - 2 scrolls of random uselessness {unknown}
 B - 5 scrolls of identify {@r1}
 K - 2 scrolls of fog
Potions
 e - 2 potions of degeneration {!q}
 f - 2 potions of flight
 g - 3 potions of mutation {!q}
 l - 5 potions of curing {@q1}
 n - 3 potions of might
 o - 2 potions of resistance
 p - 4 potions of attraction {!q}
 r - 2 potions of haste {@q3}
 s - 2 potions of magic
 C - 3 potions of brilliance {unknown}
 F - a potion of ambrosia {unknown}
 I - 3 potions of lignification {!q}
 L - a potion of heal wounds {unknown}


   Skills:
 * Level 11.2 Fighting
 + Level 7.3 Axes
 + Level 8.4 Armour
 + Level 9.1 Shields


You had 10 spell levels left.
You didn't know any spells.
Your spell library contained the following spells:

 Spells                   Type           Power        Failure   Level
 Animate Skeleton         Necr           #.....       95%         1
 Apportation              Tloc           #.....       95%         1
 Corona                   Hex            #......      95%         1
 Sting                    Tmut/Pois      #...         95%         1
 Summon Small Mammal      Summ           #...         95%         1
 Poisonous Vapours        Pois/Air       #.....       99%         2
 Ignite Poison            Fire/Tmut/Pois #.......     100%        3
 Mephitic Cloud           Conj/Pois/Air  #.......     100%        3
 Olgreb's Toxic Radiance  Pois           #.......     100%        4


Dungeon Overview and Level Annotations

Branches:
Dungeon (10/15)            Temple (1/1) D:6            Lair (0/6) D:10
    Orc (0/2) D:10

Altars:
Ashenzari
Cheibriados
Dithmenos
Elyvilon
Fedhas
Gozag
Hepliaklqana
Kikubaaqudgha
Makhleb
Nemelex Xobeh
Okawaru
Qazlal
Ru
Sif Muna
Trog
Uskayaw
Vehumet
Wu Jian
Xom
Yredelemnul
Zin
The Shining One
Beogh

Shops:
D:4 ?   D:6 [?*   D:10 !

Annotations:
D:8 1 runed translucent door, Riddle's ghost, novice GrCj
D:10 exclusion: oklob plant


Innate Abilities, Weirdness & Mutations

You cannot be hasted, slowed, berserked, paralysed or teleported.
You can dig through walls and to a lower floor.
Your four strong arms can wield two-handed weapons with a shield.
You have a pair of large antennae on your head. (SInv)


Message History

Found a staircase to the Lair.
An oklob plant is nearby!
An orc comes into view. It is wielding a +0 club.
The orc hits the plant with a +0 club!
The plant begins to die.
The orc shouts!
You hear a bark!
A bullfrog comes into view.
The orc barely misses you.
You slice the orc!!
Your weapon exudes an aura of protection.
You kill the orc!
A nearby plant withers and dies.
You block the bullfrog's attack.
You slash the bullfrog! You block the bullfrog's attack. x2
You slash the bullfrog! You block the bullfrog's attack. x2
The bullfrog hits you but does no damage.
You slash the bullfrog!
You kill the bullfrog!
Okawaru accepts your kill.
There is a staircase to the Lair here.
The oklob plant spits acid at you.
The splash of acid hits you but does no damage.
You are splashed with acid!
Found a stone staircase leading up.
You slash the oklob plant! The oklob plant spits acid at you.
The splash of acid misses you.
The splash of acid hits the plant!
The plant is splashed with acid!
The plant begins to die.
The oklob plant spits acid at you.
The splash of acid hits you but does no damage.
You are splashed with acid!
You hit the oklob plant.
A hound comes into view.
The oklob plant spits acid at you. The splash of acid hits you.
The acid corrodes you!
You are splashed with acid!
The oklob plant spits acid at you.
The splash of acid reflects off an invisible shield around you!
The splash of acid hits the oklob plant.
The oklob plant completely resists.
The hound moves out of view.
You hit the oklob plant.
The hound barks!
You slash the oklob plant! The oklob plant spits acid at you.
The splash of acid hits you!
* * * LOW HITPOINT WARNING * * *
The acid corrodes you!
You are splashed with acid!
* * * LOW HITPOINT WARNING * * *
The oklob plant spits acid at you. The splash of acid hits you!
* * * LOW HITPOINT WARNING * * *
The acid corrodes you!
You are splashed with acid!
You die...

# ## { .# ## #..
#######. .# .. ##..
..≈... ..# ## .....
#...# ...#
#....##P..##....
#..P@P.h..#.#
#≈.)P>PP.≈#.#
#..†......#.# #
#...##...##...# ##. #
#....#...#....# #.. #
....#...≈...#..# #.. #
.<...#######...#######..
# ....
.........+.....##.. # ..
.........#####..'..


You could see an oklob plant and a hound.

Vanquished Creatures
  A hornet (D:10)
  Prince Ribbit (D:5)
  8 yaks
  Menkaure (D:5)
  A black bear (D:10)
  5 orc warriors
  2 ice beasts
  2 phantoms
  3 sky beasts
  An ogre (D:8)
  A centaur (D:9)
  A necrophage (D:10)
  A big kobold (D:10)
  Blork the orc (D:4)
  5 bullfrogs
  6 scorpions
  4 wights (D:10)
  A centaur zombie (D:6)
  2 hounds
  12 orc wizards
  5 orc priests
  Crazy Yiuf (D:2)
  3 bullfrog skeletons
  Ijyb (D:3)
  2 iguanas
  11 worker ants
  A killer bee zombie (D:7)
  3 hound skeletons
  A worker ant zombie (D:6)
  7 gnolls (D:4)
  12 adders
  A howler monkey skeleton (D:5)
  A white imp (D:7)
  An ufetubus (D:5)
  An ooze (D:4)
  An adder zombie (D:9)
  An adder skeleton (D:9)
  3 worms
  8 dart slugs
  2 leopard geckos
  73 orcs
  4 ball pythons
  7 bats
  8 giant cockroaches
  7 goblins
  5 hobgoblins
  4 jackals (D:1)
  4 quokkas
  4 frilled lizards
  2 jackal skeletons
  A jackal zombie (D:7)
  12 kobolds
  A quokka skeleton (D:3)
  A quokka zombie (D:5)
  6 rats
264 creatures vanquished.

Vanquished Creatures (others)
  A wight (D:10)
  12 plants
13 creatures vanquished.

Grand Total: 277 creatures vanquished

Notes
Turn   | Place    | Note
-------+----------+-------------------------------------------
     0 | D:1      | Notrik the Formicid Fighter began the quest for the Orb.
     0 | D:1      | Reached XP level 1. HP: 18/18 MP: 1/1
   124 | D:1      | Reached XP level 2. HP: 23/24 MP: 2/2
   443 | D:1      | Reached XP level 3. HP: 30/30 MP: 3/3
  1009 | D:2      | Reached skill level 4 in Fighting
  1049 | D:2      | Reached XP level 4. HP: 36/37 MP: 4/4
  1384 | D:2      | Found a runed translucent door.
  1385 | D:2      | Noticed Crazy Yiuf
  1610 | D:2      | Killed Crazy Yiuf
  1611 | D:2      | Reached XP level 5. HP: 12/43 MP: 5/5
  2649 | D:3      | Reached XP level 6. HP: 31/50 MP: 6/6
  2787 | D:3      | Reached skill level 5 in Fighting
  3098 | D:4      | Noticed Ijyb
  3117 | D:3      | Killed Ijyb
  3305 | D:4      | Upgraded the game from 0.26-a0-833-g7262b39652 to
                  | 0.26-a0-835-g8259106e14
  3410 | D:4      | Reached skill level 5 in Shields
  3575 | D:4      | Found Ugevof's Magic Scroll Shop.
  3588 | D:4      | Reached XP level 7. HP: 52/56 MP: 7/7
  3635 | D:4      | Noticed Blork the orc
  3654 | D:4      | Killed Blork the orc
  3716 | D:4      | Bought a scroll of fog for 22 gold pieces
  3716 | D:4      | Bought a scroll of enchant weapon for 82 gold pieces
  3716 | D:4      | Bought 2 scrolls of identify for 44 gold pieces
  3824 | D:4      | Reached skill level 6 in Fighting
  4086 | D:4      | Reached skill level 5 in Armour
  4356 | D:5      | Entered Level 5 of the Dungeon
  4370 | D:5      | Found an ancient bone altar of Kikubaaqudgha.
  4396 | D:5      | Got a transparent spear
  4420 | D:5      | Reached XP level 8. HP: 65/65 MP: 8/8
  4576 | D:5      | Noticed Menkaure
  4585 | D:5      | Killed Menkaure
  4586 | D:5      | Reached skill level 7 in Fighting
  5677 | D:5      | Noticed Prince Ribbit
  5684 | D:5      | Killed Prince Ribbit
  5750 | D:6      | Found a staircase to the Ecumenical Temple.
  5753 | D:6      | Reached skill level 5 in Axes
  5753 | D:6      | Reached XP level 9. HP: 74/74 MP: 9/9
  5778 | Temple   | Entered the Ecumenical Temple
  6030 | Temple   | Became a worshipper of Warmaster Okawaru
  6055 | D:6      | Reached skill level 8 in Fighting
  6118 | D:6      | Found Orioco's Magic Scroll Boutique.
  6121 | D:6      | Bought a scroll of enchant armour for 82 gold pieces
  6121 | D:6      | Bought a scroll of magic mapping for 38 gold pieces
  6167 | D:6      | Found Laedghaps's Armour Shoppe.
  6353 | D:6      | You fall into a shaft and drop 3 floors!
  6425 | D:9      | Found a hide-covered altar of Uskayaw.
  6434 | D:9      | Got a fading long sword
  6607 | D:9      | Identified the +8 long sword of Insomnia {protect, rN+
                  | Str+2 Int+2} (You found it on level 9 of the Dungeon)
  6957 | D:9      | Reached * piety under Okawaru
  6964 | D:9      | Reached skill level 9 in Fighting
  7557 | D:8      | Noticed Riddle's ghost (novice GrCj)
  7558 | D:8      | Noticed a manticore
  7580 | D:8      | Reached XP level 10. HP: 61/83 MP: 10/10
  7873 | D:8      | Found a runed translucent door.
  8051 | D:8      | Reached ** piety under Okawaru
  8083 | D:8      | Reached skill level 10 in Fighting
  8350 | D:8      | Found a roughly hewn altar of Beogh.
  8568 | D:8      | Got a distressingly furry scale mail
  8786 | D:8      | Identified the +1 scale mail "Loyggot" {rPois rN+} (You
                  | found it on level 8 of the Dungeon)
  9573 | D:6      | Found Reyneil's General Store.
  9967 | D:10     | Entered Level 10 of the Dungeon
 10060 | D:10     | Reached *** piety under Okawaru
 10392 | D:10     | Found Tiryanya's Distillery.
 10407 | D:10     | Reached skill level 11 in Fighting
 10412 | D:10     | Identified the +1 ring mail of the Eight of Swords {rCorr}
 10585 | D:10     | Found an opulent altar of Gozag.
 10616 | D:10     | Found a staircase to the Orcish Mines.
 10752 | D:10     | Reached XP level 11. HP: 93/93 MP: 11/11
 10775 | D:10     | Found a staircase to the Lair.
 10775 | D:10     | Noticed an oklob plant
 10789 | D:10     | Splashed by an oklob plant's acid

Illustrated notes

Levels and vault maps discovered:
D:1:      dpeg_arrival_snail, layout_basic, serial_park_tiny_pond,
          minmay_shallow_snake_nest
D:2:      layout_loops_cross, uniq_crazy_yiuf_cottage
D:3:      layout_basic
D:4:      kennysheep_slugbush, layout_loops_ring, serial_shops, shop,
          uniq_blork_the_orc, uniq_ijyb
D:5:      layout_gridville, basic_altar, uniq_menkaure, uniq_prince_ribbit1
D:6:      layout_basic, temple_fountains, serial_shops, nicolae_shop_crystal,
          nicolae_shop_crystal, shop
D:7:      layout_basic
D:8:      layout_basic, ebering_ghost_inner_flame, special_room
          [special_room_orc], kennysheep_dice
D:9:      layout_basic, eat_drink_and_be_merry_uskayaw
D:10:     layout_roguey, dpeg_oklobed_lair, david_orc_2, basic_altar,
          serial_shops, nicolae_shop_trees
Temple:   compressed_dpeg_triangle_lava_temple

Skill      XL: |  1  2  3  4  5  6  7  8  9 10 |
---------------+-------------------------------+-----
Shields        | 4 5 6 7 9 |  9.1
Fighting       | 4 5 6 7 9 11 | 11.2
Armour         | 4 5 6 7 8 |  8.4
Axes           | 3 4 5 6 7 |  7.3

Action                   |  1- 3 |  4- 6 |  7- 9 | 10-12 || total
-------------------------+-------+-------+-------+-------++-------
Melee: War axe           |    80 |   142 |   198 |       ||   420
       Long sword        |       |       |   109 |   289 ||   398
Invok: Heroism           |       |       |       |     2 ||     2
  Use: Scroll            |       |       |    16 |       ||    16
Armor: Scale mail        |    38 |    52 |     6 |    58 ||   154
       Plate armour      |       |       |   157 |    20 ||   177
Dodge: Dodged            |    30 |    37 |    42 |    53 ||   162
Block: Kite shield       |    48 |    54 |       |       ||   102
       Tower shield      |       |    51 |   344 |   330 ||   725
       Reflection        |       |       |       |    13 ||    13
       Rpst.: Long sword |       |       |     5 |    15 ||    20

Table legend: (Time is in decaauts)
 A = Elapsed time spent in this place.
 B = Non-inter-level travel time spent in this place.
 C = Inter-level travel time spent in this place.
 D = Time resting spent in this place.
 E = Time spent auto-exploring this place.
 F = Levels seen in this place.
 G = Mean time per level.
                   A        B        C        D        E       F      G
               +--------+--------+--------+--------+--------+-----+--------+
         Total |  11156 |  10746 |    410 |    647 |   7910 |  11 | 1014.2 |
       Dungeon |  10891 |  10508 |    383 |    647 |   7674 |  10 | 1089.1 |
        Temple |    265 |    238 |     27 |      0 |    236 |   1 |  265.0 |
               +--------+--------+--------+--------+--------+-----+--------+

Top non-repeatable levels by time:
     D:8: 1560 daAuts
     D:5: 1423 daAuts
     D:3: 1366 daAuts
     D:2: 1319 daAuts
     D:4: 1133 daAuts
     D:9: 1088 daAuts
    D:10: 871 daAuts
     D:6: 727 daAuts
     D:7: 725 daAuts
     D:1: 673 daAuts
  Temple: 265 daAuts
